 Dungeon Crawl Stone Soup version 0.25-a0-164-gb55e97dba5 (webtiles) character file.

Game seed: 17835252695611676053, levelgen mode: deterministic

49 MisterFreud the Skirmisher (level 3, 0/18 HPs)
             Began as a Felid Wanderer on Nov 22, 2019.
             Slain by a goblin (2 damage)
             ... led by Robin
             ... on level 2 of the Dungeon.
             The game lasted 00:02:46 (1976 turns).

MisterFreud the Skirmisher (Felid Wanderer)         Turns: 1976, Time: 00:02:46

Health: 0/18       AC:  1    Str:  8    XL:     3   Next: 53%
Magic:  7/7        EV: 15    Int: 14    God:
Gold:   59         SH:  0    Dex: 15    Spells: 6/6 levels left
                                        Lives:  0   Deaths: 0

rFire    . . .     SeeInvis +     - Unarmed
rCold    . . .     Gourm    .   (shield unavailable)
rNeg     . . .     Faith    .   (armour unavailable)
rPois    .         Spirit   .   (helmet unavailable)
rElec    .         Reflect  .   (cloak unavailable)
rCorr    .         Harm     .   (gloves unavailable)
MR       .....                  (boots unavailable)
Stlth    +++.......             (no amulet)
HPRegen  0.06/turn              (no ring)
MPRegen  0.10/turn              (no ring)

@: quick
A: very small, no armour, no weapons or thrown items, stealth, claws 1, fangs 3,
see invisible, carnivore, speed 1, shaggy fur 1, slow metabolism 1, sharp paws
a: no special abilities


You were on level 2 of the Dungeon.
You were full.

You visited 1 branch of the dungeon, and saw 2 of its levels.

You collected 59 gold pieces.

Inventory:

Scrolls
 e - a scroll of amnesia {unknown}
 g - a scroll of blinking {unknown}
 h - a scroll of enchant weapon {unknown}
Potions
 b - a potion of heal wounds
 c - a potion of curing
 d - a potion of degeneration {unknown}
Comestibles
 f - 3 rations


   Skills:
 - Level 4.0 Fighting
 + Level 0.0 Dodging
 - Level 2.6 Stealth
 - Level 3.0 Unarmed Combat
 - Level 2.0 Spellcasting
   Level 1.0 Poison Magic


You had 6 spell levels left.
You didn't know any spells.
Your spell library contained the following spells:

 Spells                   Type           Power        Failure   Level  Hunger
 Throw Flame              Conj/Fire      #.....       34%         2    ###....
 Throw Frost              Conj/Ice       #.....       34%         2    ###....


Dungeon Overview and Level Annotations

Branches:
Dungeon (2/15)

Altars:


Innate Abilities, Weirdness & Mutations

You cannot wear armour.
You are incapable of wielding weapons or throwing items.
Your paws allow you to move quietly. (Stealth)
You have sharp claws.
You have razor-sharp teeth.
You have supernaturally acute eyesight. (SInv)
You are carnivorous and can eat meat at any time.
You cover ground quickly.
You are covered in fur. (AC +1)
You have a slow metabolism.
Your sharp claws are effective at attacking unaware monsters.


Message History

Robin is almost dead.
The goblin closely misses you. The goblin barely misses you.
Robin hits you with a +0 mace!
Ouch! That really hurt!
* * * LOW HITPOINT WARNING * * *
Unknown command.
You feel better. The goblin closely misses you. x2
Robin hits you with a +0 mace.
You scratch Robin.
You kill Robin!
Training target 4.0 for Fighting reached!
Your Fighting skill increases to level 4!
You need to enable at least one skill for training.
The goblin hits you.
* * * LOW HITPOINT WARNING * * *
The goblin misses you.
You closely miss the goblin. You bite the goblin.
The goblin is moderately wounded.
The goblin misses you. The goblin hits you.
You die...

..g..g....### ...
g.......#.. ..
g..... #.# # #...
#.# ####
#gg####?#####.#gg.
#gg..g........#.##
#g#####.#######.##
#g# #.†gg.g.g.#
#######@#
###########
#<....gg#
#...##### #...#
#...# #...# #..)#
#...# #...#


You could see 2 hobgoblins and 6 goblins.

Vanquished Creatures
  Robin (D:2)
  A gnoll (D:2)
  An adder (D:2)
  2 dart slugs (D:1)
  A giant cockroach (D:1)
  2 goblins
  3 hobgoblins (D:1)
  A quokka (D:2)
  A ball python (D:1)
  A kobold (D:1)
  6 rats
20 creatures vanquished.

Notes
Turn   | Place    | Note
-------+----------+-------------------------------------------
     0 | D:1      | MisterFreud the Felid Wanderer began the quest for the Orb.
     0 | D:1      | MisterFreud set off with the following items: a scroll of
                  | fear, a potion of heal wounds, a potion of curing, a
                  | ration; and the following spells available to memorise:
                  | Throw Flame, Throw Frost
     0 | D:1      | Reached XP level 1. HP: 9/9 MP: 4/4
   496 | D:1      | Reached XP level 2. HP: 13/13 MP: 6/6
   828 | D:1      | Reached skill level 3 in Fighting
  1338 | D:2      | Noticed Robin
  1722 | D:2      | Reached XP level 3. HP: 17/17 MP: 7/7
  1975 | D:2      | Killed Robin
  1975 | D:2      | Reached skill level 4 in Fighting
  1976 | D:2      | Slain by a goblin

Levels and vault maps discovered:
D:1:      dpeg_arrival_tiny_j, layout_loops_ring, kennysheep_minor_cross,
          minmay_liquid_box, minmay_tiny_reverse_x
D:2:      layout_basic, uniq_natasha, uniq_robin

Skill      XL: |  1  2  3 |
---------------+----------+-----
Fighting       | 3 4 |  4.0
Stealth        | |  2.6
Unarmed Combat | |  3.0
Spellcasting   | |  2.0
Poison Magic   | |  1.0

Action                   || total
-------------------------++-------
Melee: Unarmed           ||    59
       Bite              ||     6
  Use: Scroll            ||     1
       Potion            ||     3
 Stab: Sleeping          ||     8
  Eat: Chunk             ||     6
Armor: Skin              ||     1
Dodge: Dodged            ||    56

Table legend:
 A = Non-vault XP
 B = Vault XP
 C = Vault XP percentage of total XP
 D = Non-vault monster count
 E = Vault monster count
 F = Vault count percentage of total count
                 A         B        C        D         E       F
            +---------+---------+-------+---------+---------+-------
      Total |      53 |      18 |  25.4 |      17 |       3 |  15.0
            +---------+---------+-------+---------+---------+-------
        D:1 |      18 |       3 |  14.3 |       8 |       2 |  20.0
        D:2 |      35 |      15 |  30.0 |       9 |       1 |  10.0
            +---------+---------+-------+---------+---------+-------
